 Dungeon Crawl Stone Soup version 0.20.0-15-g7f486f2 (webtiles) character file.

253 Omegatherion the Shield-Bearer (level 6, -3/37 HPs)
             Began as a Gargoyle Fighter on June 22, 2017.
             Was an Initiate of Sif Muna.
             Killed from afar by Sigmund (5 damage)
             ... with a magic dart
             ... on level 3 of the Dungeon.
             The game lasted 00:05:41 (1593 turns).

Omegatherion the Shield-Bearer (Gargoyle Fighter)   Turns: 1593, Time: 00:05:43

Health: -3/37      AC: 11    Str: 24    XL:     6   Next: 14%
Magic:  15/15      EV:  9    Int:  9    God:    Sif Muna [......]
Gold:   137        SH:  5    Dex: 11    Spells: 5/5 levels left

rFire    . . .     SeeInvis .   m - +1 mace (protect)
rCold    . . .     Gourm    .   a - +0 buckler
rNeg     + . .     Faith    .   b - +0 scale mail
rPois    ∞         Spirit   .   (no helmet)
rElec    +         Reflect  .   (no cloak)
rCorr    .         Harm     .   (no gloves)
MR       .....                  (no boots)
Stlth    ..........             (no amulet)
Regen    0.2/turn               p - ring of magical power
MPRegen  0.2/turn               (no ring)

@: mighty
A: negative energy resistance 1, electricity resistance, unbreathing,
petrification resistance, rot immunity, AC +4
a: Renounce Religion


You were on level 3 of the Dungeon.
You worshipped Sif Muna.
Sif Muna was noncommittal.
You were not hungry.

You visited 1 branch of the dungeon, and saw 3 of its levels.

You collected 137 gold pieces.

Inventory:

Hand Weapons
 m - a +1 mace of protection (weapon)
Armour
 a - a +0 buckler (worn)
 b - a +0 scale mail (worn)
 c - a +0 shield
 h - a +0 large shield
 r - a +0 plate armour
Jewellery
 p - a ring of magical power (left hand)
Wands
 u - a wand of confusion (11/48)
Scrolls
 e - a scroll of remove curse {unknown}
 g - a scroll of noise {unknown}
 i - 2 scrolls of identify {unknown}
 n - a scroll of blinking {unknown}
 q - 2 scrolls of teleportation {unknown}
 s - a scroll of enchant weapon {unknown}
Potions
 j - 2 potions of heal wounds {unknown}
 k - 2 potions of lignification {unknown}
 l - a potion of berserk rage {unknown}
Comestibles
 f - a bread ration
 o - 3 meat rations
 t - a royal jelly
 v - a chunk of flesh


   Skills:
 - Level 3.2 Fighting
 + Level 4.8 Maces & Flails
 - Level 3.2 Armour
 + Level 5.4 Shields


You had 5 spell levels left.
You didn't know any spells.

Dungeon Overview and Level Annotations

Branches:
Dungeon (3/15)

Altars:
Ashenzari
Kikubaaqudgha
Sif Muna

Annotations:
D:3 Sigmund


Innate Abilities, Weirdness & Mutations

You are resistant to torment.
Your stone body is resilient. (AC +4)
You are immune to poison.
You resist negative energy. (rN+)
You are resistant to electric shocks. (rElec)
You can survive without breathing.
You are immune to petrification.
You are immune to rotting.


Message History

A puff of flame appears from out of thin air!
The puff of flame hits you!
* * * LOW HITPOINT WARNING * * *
You hear some strange, mumbled words.
A puff of flame appears from out of thin air!
The puff of flame hits you!
You hear some strange, mumbled words.
You are confused.
You're too confused to move!
You bump into the rock wall.
Something hits you.
* * * LOW HITPOINT WARNING * * *
You're too confused to move!
You bump into the rock wall.
Something hits you.
* * * LOW HITPOINT WARNING * * *
You bump into the rock wall.
You feel less confused. Something hits you but does no damage.
A magic dart appears from out of thin air!
The magic dart hits you!
You die...

....... #.##..###### .......##
###.####.... ........##
#.####.### .........##
######[#....# ..........#####
#.........#####
.#.....##.....###.........####.
#....? #####..............##..
#####.### #####...........#.#
#....####@...........#...# ##
#......##.........##.##
###..####.............#
###..####..........##.#
#.<....##..######..##..
#..####.#..## ##.##### #.#
#.#.## ###..# ## ... #..†.#
#...#####. ###
.####..####.###.....


There were no monsters in sight!

Vanquished Creatures
  A phantom (D:2)
  An orc priest (D:3)
  Ijyb (D:3)
  4 adders
  3 worms (D:2)
  A dart slug (D:1)
  2 leopard geckos (D:1)
  5 orcs (D:3)
  2 ball pythons (D:1)
  6 bats
  3 giant cockroaches
  4 hobgoblins
  3 jackals (D:1)
  6 kobolds
  3 frilled lizards (D:1)
  5 goblins
  6 rats
56 creatures vanquished.

Notes
Turn   | Place    | Note
-------+----------+-------------------------------------------
     0 | D:1      | Omegatherion the Gargoyle Fighter began the quest for the Orb.
     0 | D:1      | Reached XP level 1. HP: 14/14 MP: 1/1
    46 | D:1      | Reached XP level 2. HP: 19/19 MP: 2/2
   254 | D:1      | Reached XP level 3. HP: 16/23 MP: 3/3
   746 | D:2      | Reached skill level 4 in Shields
   746 | D:2      | Reached XP level 4. HP: 28/28 MP: 4/4
  1050 | D:2      | Found a deep blue altar of Sif Muna.
  1053 | D:2      | Found a shattered altar of Ashenzari.
  1104 | D:2      | Became a worshipper of Sif Muna the Loreminder
  1262 | D:2      | Noticed a phantom
  1280 | D:2      | Killed a phantom
  1280 | D:2      | Reached XP level 5. HP: 32/32 MP: 5/5
  1351 | D:3      | Noticed Ijyb
  1393 | D:3      | Killed Ijyb
  1393 | D:3      | Reached skill level 5 in Shields
  1425 | D:3      | Reached XP level 6. HP: 30/37 MP: 6/6
  1512 | D:3      | Found an ancient bone altar of Kikubaaqudgha.
  1548 | D:3      | Noticed Sigmund
  1593 | D:3      | Killed from afar by Sigmund

Skill      XL: |  1  2  3  4  5 |
---------------+----------------+-----
Maces & Flails | 3 4 |  4.8
Shields        | 4 5 |  5.4
Fighting       | |  3.2
Armour         | |  3.2

Action                   |  1- 3 |  4- 6 || total
-------------------------+-------+-------++-------
Melee: Flail             |    55 |       ||    55
       Mace              |    96 |   119 ||   215
  Use: Potion            |       |     1 ||     1
  Eat: Chunk             |       |     3 ||     3
Armor: Scale mail        |    84 |    63 ||   147
       Plate armour      |       |    11 ||    11
Dodge: Dodged            |    55 |    48 ||   103
Block: Shield            |   103 |       ||   103
       Buckler           |     3 |    15 ||    18
